2910 views
Uploaded 2021-01-23 01:31:25
Game version 1.32.9
34:35 long 4on4 ladder game on (8)Northshire_LV
Saved by lowlyworm
2910 views
Uploaded 2021-01-23 01:31:25
Game version 1.32.9
34:35 long 4on4 ladder game on (8)Northshire_LV


251 units @ 33.3k
/ 5.5k
171 buildings @ 18k
/ 8.5k


| Lesser Clarity Potion | 2 | 140 |
| Healing Salve | 1 | 100 |
| Orb of Lightning | 2 | 750 |
| Tiny Great Hall | 1 | 600 |
| Potion of Mana | 1 | 200 |
| Potion of Healing | 3 | 450 |
| Scroll of Town Portal | 4 | 1400 |
| total: | 14 | 3640g |
| Peon | 12 | 900 | / | 0 |
| Troll Headhunter | 11 | 1540 | / | 220 |
| Shaman | 12 | 1560 | / | 240 |
| Troll Berserker | 18 | 2520 | / | 360 |
| Troll Batrider | 24 | 3840 | / | 960 |
| total: | 77 | 10360g | / | 1780w |
| Watch Tower | 3 | 330 | / | 240 |
| Altar of Storms | 1 | 180 | / | 50 |
| Orc Burrow | 8 | 1280 | / | 320 |
| War Mill | 1 | 205 | / | 0 |
| Barracks | 2 | 360 | / | 100 |
| Voodoo Lounge | 2 | 260 | / | 60 |
| Spirit Lodge | 2 | 300 | / | 300 |
| Beastiary | 2 | 290 | / | 280 |
| Stronghold | 1 | 315 | / | 190 |
| Fortress | 1 | 325 | / | 190 |
| total: | 21 | 3205g | / | 1350w |
| 0:01 | Peon |
| 0:08 | Altar of Storms |
| 0:11 | Peon |
| 0:19 | Orc Burrow |
| 0:27 | Peon |
| 0:36 | Peon |
| 0:49 | War Mill |
| 0:54 | Peon |
| 1:20 | Barracks |
| 1:26 | Peon |
| 1:36 | Voodoo Lounge |
| 1:47 | Peon |
| 2:14 | Wind Walk |
| 2:25 | Troll Headhunter |
| 2:29 | Orc Burrow |
| 2:41 | Lesser Clarity Potion |
| 2:41 | Lesser Clarity Potion |
| 2:42 | Healing Salve |
| 2:55 | Troll Headhunter |
| 3:54 | Troll Headhunter |
| 4:16 | Troll Headhunter |
| 4:18 | Stronghold |
| 4:56 | Troll Headhunter |
| 5:32 | Orc Burrow |
| 5:36 | Barracks |
| 6:55 | Troll Headhunter |
| 6:58 | Orc Burrow |
| 7:03 | Spirit Lodge |
| 7:21 | Troll Headhunter |
| 7:47 | Orc Burrow |
| 7:54 | Troll Headhunter |
| 7:54 | Troll Headhunter |
| 8:23 | Shaman Adept Training |
| 8:24 | Fortress |
| 8:59 | Healing Wave |
| 9:14 | Troll Regeneration |
| 9:28 | Troll Headhunter |
| 9:28 | Troll Headhunter |
| 10:20 | Hex |
| 10:46 | Spirit Lodge |
| 10:49 | Shaman Master Training |
| 10:51 | Reinforced Defenses |
| 11:14 | Berserker Upgrade |
| 11:27 | Critical Strike |
| 11:48 | Steel Ranged Weapons |
| 12:02 | Shaman |
| 12:04 | Shaman |
| 12:58 | Shaman |
| 13:00 | Steel Armor |
| 13:24 | Healing Wave |
| 13:41 | Orc Burrow |
| 13:43 | Orc Burrow |
| 14:03 | Thorium Armor |
| 14:07 | Orc Burrow |
| 14:32 | Orb of Lightning |
| 14:32 | Tiny Great Hall |
| 14:38 | Troll Berserker |
| 14:40 | Shaman |
| 14:40 | Shaman |
| 14:55 | Potion of Mana |
| 14:56 | Potion of Healing |
| 15:46 | Critical Strike |
| 15:57 | Peon |
| 15:57 | Peon |
| 15:58 | Peon |
| 15:58 | Peon |
| 15:58 | Peon |
| 16:07 | Watch Tower |
| 16:08 | Watch Tower |
| 16:09 | Watch Tower |
| 16:16 | Scroll of Town Portal |
| 16:34 | Troll Berserker |
| 16:35 | Troll Berserker |
| 16:37 | Shaman |
| 17:06 | Beastiary |
| 17:33 | Scroll of Town Portal |
| 17:57 | Troll Berserker |
| 18:13 | Troll Batrider |
| 18:14 | Troll Batrider |
| 18:15 | Troll Batrider |
| 18:26 | Troll Berserker |
| 18:55 | Hex |
| 18:57 | Wind Walk |
| 20:39 | Troll Berserker |
| 20:42 | Troll Berserker |
| 20:45 | Shaman |
| 21:02 | Troll Batrider |
| 21:02 | Troll Batrider |
| 21:13 | Potion of Healing |
| 21:17 | Scroll of Town Portal |
| 21:25 | Troll Batrider |
| 21:42 | Troll Berserker |
| 21:42 | Troll Berserker |
| 21:50 | Shaman |
| 22:05 | Troll Berserker |
| 22:25 | Troll Batrider |
| 22:36 | Troll Berserker |
| 22:37 | Troll Berserker |
| 22:40 | Shaman |
| 22:43 | Thorium Ranged Weapons |
| 24:12 | Critical Strike |
| 24:21 | Voodoo Lounge |
| 24:34 | Troll Berserker |
| 24:41 | Healing Wave |
| 25:02 | Troll Berserker |
| 25:02 | Troll Berserker |
| 25:06 | Shaman |
| 25:07 | Shaman |
| 25:21 | Beastiary |
| 25:54 | Troll Batrider |
| 25:55 | Troll Batrider |
| 26:03 | Troll Berserker |
| 26:06 | Shaman |
| 26:21 | Scroll of Town Portal |
| 26:34 | Orb of Lightning |
| 26:34 | Potion of Healing |
| 26:41 | Troll Batrider |
| 26:43 | Troll Batrider |
| 27:11 | Troll Berserker |
| 27:19 | Troll Berserker |
| 27:25 | Troll Batrider |
| 27:25 | Troll Batrider |
| 27:44 | Troll Batrider |
| 27:45 | Troll Batrider |
| 27:54 | Arcanite Armor |
| 28:48 | Troll Batrider |
| 28:49 | Troll Batrider |
| 29:00 | Liquid Fire |
| 29:44 | Troll Batrider |
| 29:47 | Arcanite Ranged Weapons |
| 31:50 | Troll Batrider |
| 31:50 | Troll Batrider |
| 32:40 | Troll Batrider |
| 32:44 | Bladestorm |
| 33:19 | Troll Batrider |
| 33:20 | Troll Batrider |
| 33:54 | Troll Batrider |
| 34:16 | Big Bad Voodoo |
| Right click | 1992 |
| Select group | 1247 |
| Select | 968 |
| Misc. action | 358 |
| Build/train/purchase | 137 |
| Assign group | 60 |
| Use ability | 34 |
| Item give/drop | 3 |

| Scroll of Regeneration | 4 | 400 |
| Lesser Clarity Potion | 4 | 280 |
| Orb of Fire | 1 | 325 |
| Potion of Healing | 1 | 150 |
| Staff of Sanctuary | 1 | 250 |
| Scroll of Town Portal | 3 | 1050 |
| Scroll of Healing | 2 | 500 |
| Potion of Lesser Invulnerability | 1 | 150 |
| total: | 17 | 3105g |
| Peasant | 25 | 1875 | / | 0 |
| Footman | 11 | 1485 | / | 0 |
| Sorceress | 6 | 930 | / | 120 |
| Priest | 8 | 1080 | / | 80 |
| Knight | 9 | 2205 | / | 540 |
| Spell Breaker | 2 | 430 | / | 60 |
| Goblin Shredder | 1 | 375 | / | 100 |
| Forest Troll High Priest | 1 | 305 | / | 40 |
| Kobold Geomancer | 1 | 255 | / | 30 |
| Rogue | 1 | 150 | / | 0 |
| total: | 65 | 9090g | / | 970w |
| Scout Tower | 26 | 780 | / | 520 |
| Arcane Tower | 4 | 280 | / | 200 |
| Guard Tower | 14 | 980 | / | 700 |
| Altar of Kings | 1 | 180 | / | 50 |
| Barracks | 2 | 320 | / | 120 |
| Farm | 15 | 1200 | / | 300 |
| Town Hall | 8 | 3080 | / | 1640 |
| Lumber Mill | 1 | 120 | / | 0 |
| Arcane Vault | 2 | 260 | / | 60 |
| Blacksmith | 2 | 280 | / | 120 |
| Arcane Sanctum | 2 | 300 | / | 280 |
| Keep | 1 | 320 | / | 210 |
| Castle | 1 | 360 | / | 210 |
| total: | 59 | 6520g | / | 3090w |
| 0:02 | Peasant |
| 0:07 | Altar of Kings |
| 0:10 | Peasant |
| 0:14 | Peasant |
| 0:20 | Barracks |
| 0:22 | Peasant |
| 0:26 | Peasant |
| 0:34 | Farm |
| 0:36 | Peasant |
| 0:49 | Farm |
| 0:56 | Peasant |
| 1:04 | Peasant |
| 1:22 | Footman |
| 1:27 | Farm |
| 1:32 | Peasant |
| 1:39 | Scout Tower |
| 1:42 | Peasant |
| 1:46 | Footman |
| 1:54 | Peasant |
| 1:54 | Peasant |
| 2:07 | Arcane Tower |
| 2:18 | Footman |
| 2:28 | Peasant |
| 2:36 | Thunder Clap |
| 3:18 | Storm Bolt |
| 3:21 | Scout Tower |
| 3:22 | Scout Tower |
| 3:31 | Town Hall |
| 3:38 | Peasant |
| 4:10 | Arcane Tower |
| 4:11 | Arcane Tower |
| 4:15 | Peasant |
| 4:16 | Footman |
| 4:23 | Farm |
| 4:26 | Footman |
| 5:16 | Lumber Mill |
| 5:18 | Peasant |
| 5:18 | Footman |
| 5:22 | Peasant |
| 5:22 | Peasant |
| 5:28 | Footman |
| 5:39 | Arcane Vault |
| 5:57 | Goblin Shredder |
| 6:09 | Footman |
| 6:16 | Storm Bolt |
| 6:33 | Scroll of Regeneration |
| 6:35 | Lesser Clarity Potion |
| 6:37 | Scroll of Regeneration |
| 6:44 | Keep |
| 6:46 | Defend |
| 6:53 | Improved Masonry |
| 6:59 | Scout Tower |
| 7:15 | Footman |
| 7:59 | Town Hall |
| 8:01 | Scout Tower |
| 8:02 | Scout Tower |
| 8:10 | Guard Tower |
| 8:16 | Footman |
| 8:19 | Scout Tower |
| 8:26 | Scout Tower |
| 9:06 | Arcane Tower |
| 9:36 | Town Hall |
| 9:37 | Scout Tower |
| 9:39 | Scout Tower |
| 9:41 | Guard Tower |
| 9:42 | Castle |
| 9:44 | Arcane Sanctum |
| 9:49 | Town Hall |
| 9:52 | Advanced Masonry |
| 9:53 | Guard Tower |
| 10:05 | Thunder Clap |
| 10:12 | Scout Tower |
| 10:13 | Guard Tower |
| 10:50 | Guard Tower |
| 10:53 | Scout Tower |
| 11:31 | Scout Tower |
| 11:33 | Guard Tower |
| 11:48 | Farm |
| 12:03 | Sorceress |
| 12:03 | Priest |
| 12:04 | Footman |
| 12:07 | Blacksmith |
| 12:11 | Sorceress |
| 12:11 | Priest |
| 12:18 | Guard Tower |
| 12:23 | Sorceress |
| 12:29 | Arcane Sanctum |
| 12:32 | Barracks |
| 12:52 | Blacksmith |
| 12:53 | Peasant |
| 13:05 | Scroll of Regeneration |
| 13:11 | Lesser Clarity Potion |
| 13:13 | Scroll of Town Portal |
| 13:46 | Sorceress |
| 13:49 | Animal War Training |
| 13:49 | Knight |
| 13:51 | Farm |
| 14:06 | Farm |
| 14:08 | Knight |
| 14:09 | Knight |
| 14:11 | Farm |
| 14:12 | Iron Plating |
| 14:15 | Farm |
| 14:19 | Lesser Clarity Potion |
| 14:22 | Orb of Fire |
| 14:25 | Farm |
| 14:30 | Farm |
| 14:37 | Priest Adept Training |
| 14:39 | Sorceress Adept Training |
| 15:08 | Potion of Healing |
| 15:21 | Knight |
| 15:32 | Farm |
| 15:35 | Farm |
| 15:37 | Knight |
| 15:38 | Sorceress |
| 15:49 | Farm |
| 15:50 | Steel Plating |
| 15:56 | Forest Troll High Priest |
| 15:56 | Kobold Geomancer |
| 16:16 | Priest Master Training |
| 16:18 | Sorceress Master Training |
| 16:28 | Scout Tower |
| 16:30 | Scout Tower |
| 16:52 | Rogue |
| 17:02 | Guard Tower |
| 17:03 | Farm |
| 17:17 | Lesser Clarity Potion |
| 18:45 | Town Hall |
| 18:57 | Scroll of Town Portal |
| 18:59 | Potion of Lesser Invulnerability |
| 19:11 | Scroll of Healing |
| 20:09 | Thunder Clap |
| 20:19 | Knight |
| 20:24 | Arcane Vault |
| 21:31 | Spell Breaker |
| 21:33 | Knight |
| 21:38 | Iron Forged Swords |
| 22:01 | Scroll of Regeneration |
| 22:04 | Staff of Sanctuary |
| 22:21 | Priest |
| 22:36 | Scout Tower |
| 22:40 | Imbued Masonry |
| 22:54 | Scout Tower |
| 22:56 | Peasant |
| 22:56 | Scout Tower |
| 22:58 | Peasant |
| 23:26 | Avatar |
| 24:23 | Guard Tower |
| 24:24 | Scout Tower |
| 24:25 | Peasant |
| 24:25 | Peasant |
| 24:29 | Priest |
| 24:32 | Knight |
| 24:59 | Scout Tower |
| 25:01 | Peasant |
| 25:02 | Guard Tower |
| 25:03 | Scout Tower |
| 25:17 | Guard Tower |
| 25:21 | Priest |
| 25:31 | Guard Tower |
| 25:32 | Scout Tower |
| 26:00 | Sorceress |
| 26:02 | Priest |
| 26:25 | Peasant |
| 26:28 | Priest |
| 26:30 | Control Magic |
| 26:32 | Magic Sentry |
| 28:35 | Knight |
| 28:37 | Priest |
| 28:37 | Spell Breaker |
| 28:44 | Scroll of Town Portal |
| 28:45 | Scroll of Healing |
| 29:02 | Scout Tower |
| 31:09 | Bash |
| 31:17 | Scout Tower |
| 31:21 | Scout Tower |
| 31:40 | Scout Tower |
| 32:18 | Town Hall |
| 32:19 | Guard Tower |
| 32:40 | Town Hall |
| 32:44 | Town Hall |
| 32:46 | Guard Tower |
| Right click | 868 |
| Select | 788 |
| Build/train/purchase | 185 |
| Select group | 183 |
| Misc. action | 122 |
| Chat | 113 |
| Assign group | 56 |
| Use ability | 33 |
| Minimap ping | 7 |
| Item give/drop | 3 |


| Lesser Clarity Potion | 2 | 140 |
| Scroll of Regeneration | 2 | 200 |
| Potion of Mana | 1 | 200 |
| Scroll of Town Portal | 1 | 350 |
| total: | 6 | 890g |
| Peasant | 22 | 1650 | / | 0 |
| Mortar Team | 7 | 1260 | / | 490 |
| Flying Machine | 37 | 3700 | / | 1110 |
| Siege Engine | 1 | 195 | / | 60 |
| Goblin Shredder | 1 | 375 | / | 100 |
| total: | 68 | 7180g | / | 1760w |
| Scout Tower | 21 | 630 | / | 420 |
| Arcane Tower | 1 | 70 | / | 50 |
| Guard Tower | 13 | 910 | / | 650 |
| Altar of Kings | 1 | 180 | / | 50 |
| Farm | 14 | 1120 | / | 280 |
| Lumber Mill | 1 | 120 | / | 0 |
| Arcane Vault | 1 | 130 | / | 30 |
| Town Hall | 4 | 1540 | / | 820 |
| Blacksmith | 1 | 140 | / | 60 |
| Workshop | 4 | 560 | / | 560 |
| Keep | 1 | 320 | / | 210 |
| Castle | 1 | 360 | / | 210 |
| total: | 47 | 4420g | / | 2220w |
| 0:05 | Peasant |
| 0:05 | Peasant |
| 0:07 | Peasant |
| 0:11 | Altar of Kings |
| 0:20 | Farm |
| 0:28 | Lumber Mill |
| 0:46 | Peasant |
| 1:00 | Farm |
| 1:06 | Peasant |
| 1:21 | Arcane Vault |
| 1:29 | Scout Tower |
| 1:35 | Peasant |
| 1:35 | Peasant |
| 1:38 | Peasant |
| 1:38 | Peasant |
| 1:43 | Peasant |
| 1:57 | Arcane Tower |
| 2:13 | Peasant |
| 2:17 | Storm Bolt |
| 2:20 | Peasant |
| 2:29 | Farm |
| 2:35 | Lesser Clarity Potion |
| 2:36 | Scroll of Regeneration |
| 2:39 | Peasant |
| 2:43 | Peasant |
| 2:43 | Peasant |
| 3:48 | Bash |
| 3:59 | Town Hall |
| 4:06 | Peasant |
| 4:06 | Peasant |
| 4:13 | Scout Tower |
| 4:17 | Scout Tower |
| 4:23 | Farm |
| 4:37 | Keep |
| 5:05 | Goblin Shredder |
| 5:38 | Guard Tower |
| 5:48 | Blacksmith |
| 6:12 | Guard Tower |
| 6:20 | Farm |
| 6:24 | Farm |
| 6:56 | Scroll of Regeneration |
| 7:05 | Castle |
| 7:12 | Workshop |
| 7:17 | Workshop |
| 7:22 | Workshop |
| 8:12 | Improved Lumber Harvesting |
| 8:25 | Farm |
| 8:26 | Farm |
| 8:28 | Farm |
| 8:28 | Farm |
| 8:33 | Farm |
| 8:35 | Farm |
| 8:36 | Farm |
| 8:45 | Flare |
| 8:46 | Mortar Team |
| 8:48 | Holy Light |
| 8:50 | Black Gunpowder |
| 8:53 | Studded Leather Armor |
| 9:06 | Scout Tower |
| 9:10 | Scout Tower |
| 9:12 | Scout Tower |
| 9:13 | Scout Tower |
| 9:14 | Scout Tower |
| 9:15 | Scout Tower |
| 9:16 | Scout Tower |
| 9:27 | Fragmentation Shards |
| 9:28 | Mortar Team |
| 9:42 | Guard Tower |
| 10:10 | Storm Bolt |
| 10:20 | Mortar Team |
| 10:51 | Mortar Team |
| 11:05 | Flying Machine Bombs |
| 11:07 | Flak Cannons |
| 11:21 | Guard Tower |
| 11:23 | Flying Machine |
| 11:26 | Guard Tower |
| 11:31 | Workshop |
| 11:40 | Refined Gunpowder |
| 11:41 | Reinforced Leather Armor |
| 11:46 | Flying Machine |
| 11:46 | Flying Machine |
| 11:47 | Flying Machine |
| 11:47 | Flying Machine |
| 12:00 | Guard Tower |
| 12:02 | Flying Machine |
| 12:03 | Flying Machine |
| 12:09 | Guard Tower |
| 12:39 | Flying Machine |
| 12:39 | Flying Machine |
| 12:39 | Flying Machine |
| 12:45 | Flying Machine |
| 12:45 | Flying Machine |
| 13:08 | Scout Tower |
| 13:29 | Peasant |
| 13:29 | Peasant |
| 13:29 | Peasant |
| 13:29 | Peasant |
| 13:30 | Peasant |
| 13:36 | Divine Shield |
| 13:43 | Mortar Team |
| 13:59 | Scout Tower |
| 14:05 | Scout Tower |
| 14:07 | Scout Tower |
| 14:07 | Scout Tower |
| 14:08 | Scout Tower |
| 14:18 | Mortar Team |
| 14:39 | Flying Machine |
| 14:49 | Mortar Team |
| 16:11 | Flying Machine |
| 16:11 | Flying Machine |
| 16:11 | Flying Machine |
| 16:11 | Flying Machine |
| 16:11 | Flying Machine |
| 16:11 | Flying Machine |
| 16:36 | Flying Machine |
| 16:41 | Guard Tower |
| 16:59 | Flying Machine |
| 17:14 | Farm |
| 17:22 | Flying Machine |
| 18:20 | Thunder Clap |
| 18:23 | Holy Light |
| 18:26 | Flying Machine |
| 18:27 | Flying Machine |
| 18:27 | Flying Machine |
| 18:43 | Advanced Lumber Harvesting |
| 19:11 | Scout Tower |
| 19:13 | Scout Tower |
| 19:14 | Scout Tower |
| 19:14 | Scout Tower |
| 19:15 | Scout Tower |
| 19:24 | Town Hall |
| 20:03 | Guard Tower |
| 20:06 | Improved Masonry |
| 20:17 | Guard Tower |
| 20:23 | Flying Machine |
| 20:56 | Guard Tower |
| 21:52 | Storm Bolt |
| 22:12 | Guard Tower |
| 22:18 | Devotion Aura |
| 22:37 | Barrage |
| 22:39 | Siege Engine |
| 22:48 | Flying Machine |
| 22:50 | Flying Machine |
| 22:50 | Flying Machine |
| 23:22 | Flying Machine |
| 23:24 | Flying Machine |
| 23:24 | Flying Machine |
| 23:51 | Flying Machine |
| 23:52 | Flying Machine |
| 24:00 | Guard Tower |
| 24:17 | Flying Machine |
| 24:17 | Flying Machine |
| 24:18 | Flying Machine |
| 25:09 | Avatar |
| 25:11 | Holy Light |
| 26:59 | Town Hall |
| 28:38 | Resurrection |
| 28:54 | Town Hall |
| 29:45 | Scroll of Town Portal |
| 29:47 | Lesser Clarity Potion |
| 29:48 | Potion of Mana |
| 30:18 | Bash |
| 30:40 | Devotion Aura |
| 32:52 | Bash |
| Right click | 662 |
| Select group | 622 |
| Select | 281 |
| Build/train/purchase | 156 |
| Use ability | 41 |
| Assign group | 26 |
| Misc. action | 9 |
| Esc | 9 |
| Item give/drop | 3 |
| Minimap ping | 2 |



| Scroll of Regeneration | 6 | 600 |
| Lesser Clarity Potion | 13 | 910 |
| Ivory Tower | 1 | 40 |
| Potion of Healing | 5 | 750 |
| Potion of Mana | 4 | 800 |
| Staff of Sanctuary | 3 | 750 |
| Scroll of Healing | 2 | 500 |
| Dust of Appearance | 1 | 75 |
| Scroll of Town Portal | 5 | 1750 |
| Boots of Speed | 2 | 500 |
| Potion of Lesser Invulnerability | 1 | 150 |
| Orb of Lightning | 2 | 750 |
| Tiny Great Hall | 1 | 600 |
| total: | 46 | 8175g |
| Peasant | 16 | 1200 | / | 0 |
| Footman | 1 | 135 | / | 0 |
| Rifleman | 9 | 1845 | / | 270 |
| Flying Machine | 3 | 300 | / | 90 |
| Priest | 2 | 270 | / | 20 |
| Siege Engine | 2 | 390 | / | 120 |
| Goblin Shredder | 3 | 1125 | / | 300 |
| Goblin Zeppelin | 2 | 480 | / | 120 |
| Forest Troll High Priest | 3 | 915 | / | 120 |
| total: | 41 | 6660g | / | 1040w |
| Scout Tower | 19 | 570 | / | 380 |
| Arcane Tower | 11 | 770 | / | 550 |
| Guard Tower | 9 | 630 | / | 450 |
| Altar of Kings | 1 | 180 | / | 50 |
| Farm | 12 | 960 | / | 240 |
| Blacksmith | 1 | 140 | / | 60 |
| Barracks | 2 | 320 | / | 120 |
| Town Hall | 2 | 770 | / | 410 |
| Arcane Vault | 2 | 260 | / | 60 |
| Lumber Mill | 1 | 120 | / | 0 |
| Arcane Sanctum | 2 | 300 | / | 280 |
| Workshop | 2 | 280 | / | 280 |
| Keep | 2 | 640 | / | 420 |
| Castle | 2 | 720 | / | 420 |
| total: | 44 | 3900g | / | 1880w |
| 0:02 | Peasant |
| 0:02 | Peasant |
| 0:08 | Altar of Kings |
| 0:16 | Peasant |
| 0:37 | Farm |
| 0:39 | Peasant |
| 0:50 | Peasant |
| 1:09 | Peasant |
| 1:19 | Peasant |
| 1:26 | Farm |
| 1:30 | Blacksmith |
| 1:40 | Barracks |
| 1:42 | Peasant |
| 1:56 | Farm |
| 2:03 | Peasant |
| 2:15 | Storm Bolt |
| 2:34 | Peasant |
| 2:43 | Footman |
| 2:46 | Iron Forged Swords |
| 2:58 | Rifleman |
| 3:10 | Peasant |
| 3:10 | Peasant |
| 3:43 | Rifleman |
| 4:12 | Keep |
| 4:20 | Thunder Clap |
| 4:24 | Farm |
| 5:14 | Town Hall |
| 5:18 | Scout Tower |
| 5:22 | Rifleman |
| 5:54 | Arcane Vault |
| 6:26 | Goblin Shredder |
| 6:26 | Goblin Shredder |
| 6:27 | Goblin Shredder |
| 6:37 | Arcane Tower |
| 6:59 | Scroll of Regeneration |
| 7:01 | Lesser Clarity Potion |
| 7:08 | Rifleman |
| 7:17 | Farm |
| 7:21 | Scout Tower |
| 7:23 | Arcane Vault |
| 7:29 | Thunder Clap |
| 7:39 | Rifleman |
| 7:43 | Rifleman |
| 7:45 | Long Rifles |
| 7:50 | Boots of Speed |
| 8:14 | Scroll of Healing |
| 8:18 | Scroll of Regeneration |
| 8:18 | Lesser Clarity Potion |
| 8:19 | Ivory Tower |
| 8:20 | Potion of Healing |
| 8:20 | Potion of Mana |
| 8:24 | Potion of Healing |
| 8:51 | Rifleman |
| 8:53 | Siphon Mana |
| 9:22 | Rifleman |
| 9:31 | Arcane Sanctum |
| 9:33 | Castle |
| 9:35 | Steel Forged Swords |
| 9:38 | Studded Leather Armor |
| 9:39 | Black Gunpowder |
| 9:53 | Dust of Appearance |
| 9:59 | Farm |
| 10:00 | Farm |
| 10:48 | Barracks |
| 10:49 | Workshop |
| 10:54 | Workshop |
| 11:13 | Reinforced Leather Armor |
| 11:31 | Forest Troll High Priest |
| 11:31 | Forest Troll High Priest |
| 11:32 | Forest Troll High Priest |
| 11:57 | Barrage |
| 11:58 | Flak Cannons |
| 12:01 | Refined Gunpowder |
| 12:18 | Storm Bolt |
| 12:31 | Goblin Zeppelin |
| 12:31 | Goblin Zeppelin |
| 13:04 | Scroll of Regeneration |
| 13:07 | Staff of Sanctuary |
| 13:09 | Potion of Healing |
| 13:14 | Scroll of Town Portal |
| 13:30 | Rifleman |
| 13:31 | Siege Engine |
| 13:31 | Flying Machine |
| 13:32 | Flying Machine |
| 13:55 | Arcane Tower |
| 14:03 | Peasant |
| 14:03 | Peasant |
| 14:15 | Lesser Clarity Potion |
| 14:23 | Scroll of Regeneration |
| 14:28 | Staff of Sanctuary |
| 14:32 | Potion of Healing |
| 14:32 | Lesser Clarity Potion |
| 14:32 | Scroll of Regeneration |
| 14:33 | Staff of Sanctuary |
| 14:43 | Holy Light |
| 14:43 | Holy Light |
| 14:51 | Farm |
| 14:56 | Farm |
| 14:56 | Farm |
| 15:24 | Arcane Sanctum |
| 15:26 | Peasant |
| 15:26 | Peasant |
| 15:37 | Banish |
| 15:53 | Scout Tower |
| 15:53 | Scout Tower |
| 15:54 | Scout Tower |
| 16:05 | Boots of Speed |
| 16:10 | Potion of Lesser Invulnerability |
| 16:16 | Scroll of Healing |
| 16:29 | Lumber Mill |
| 16:34 | Siege Engine |
| 16:49 | Scout Tower |
| 16:50 | Scout Tower |
| 16:50 | Scout Tower |
| 16:51 | Scout Tower |
| 16:53 | Scout Tower |
| 16:54 | Scout Tower |
| 16:56 | Priest Adept Training |
| 16:56 | Priest |
| 17:02 | Farm |
| 17:04 | Farm |
| 17:13 | Orb of Lightning |
| 18:12 | Guard Tower |
| 18:12 | Guard Tower |
| 18:24 | Town Hall |
| 18:59 | Scroll of Town Portal |
| 19:21 | Scout Tower |
| 19:39 | Guard Tower |
| 20:10 | Arcane Tower |
| 20:27 | Siphon Mana |
| 20:32 | Arcane Tower |
| 20:51 | Scroll of Town Portal |
| 21:41 | Divine Shield |
| 22:03 | Priest Master Training |
| 22:11 | Flying Machine |
| 23:13 | Storm Bolt |
| 24:01 | Holy Light |
| 24:59 | Potion of Mana |
| 24:59 | Lesser Clarity Potion |
| 25:04 | Lesser Clarity Potion |
| 25:05 | Potion of Mana |
| 25:08 | Potion of Healing |
| 25:08 | Scroll of Regeneration |
| 26:12 | Lesser Clarity Potion |
| 26:18 | Scroll of Town Portal |
| 26:23 | Lesser Clarity Potion |
| 26:45 | Lesser Clarity Potion |
| 27:03 | Scout Tower |
| 27:04 | Scout Tower |
| 27:19 | Improved Masonry |
| 27:19 | Advanced Masonry |
| 27:32 | Lesser Clarity Potion |
| 28:48 | Scout Tower |
| 28:49 | Scout Tower |
| 28:50 | Scout Tower |
| 29:07 | Priest |
| 29:13 | Guard Tower |
| 29:22 | Scout Tower |
| 29:22 | Scout Tower |
| 29:28 | Imbued Masonry |
| 29:48 | Guard Tower |
| 30:48 | Divine Shield |
| 31:27 | Avatar |
| 31:35 | Banish |
| 33:40 | Scroll of Town Portal |
| 33:40 | Lesser Clarity Potion |
| 33:44 | Potion of Mana |
| 34:01 | Lesser Clarity Potion |
| 34:16 | Lesser Clarity Potion |
| 34:18 | Tiny Great Hall |
| 34:20 | Orb of Lightning |
| Right click | 1424 |
| Select group | 1220 |
| Select | 509 |
| Chat | 444 |
| Build/train/purchase | 263 |
| Use ability | 131 |
| Misc. action | 65 |
| Assign group | 50 |
| Item give/drop | 15 |
| Minimap ping | 13 |
| Esc | 5 |
| Remove unit | 1 |
224 units @ 34.5k
/ 6.4k
105 buildings @ 13.3k
/ 6.3k



| Lesser Clarity Potion | 9 | 630 |
| Scroll of Regeneration | 5 | 500 |
| Staff of Sanctuary | 3 | 750 |
| Ivory Tower | 4 | 160 |
| Potion of Healing | 1 | 150 |
| Dust of Appearance | 1 | 75 |
| Scroll of Town Portal | 4 | 1400 |
| Boots of Speed | 3 | 750 |
| Staff of Teleportation | 3 | 450 |
| Potion of Invisibility | 2 | 200 |
| Periapt of Vitality | 2 | 650 |
| Moonstone | 1 | 50 |
| total: | 38 | 5765g |
| Peasant | 25 | 1875 | / | 0 |
| Flying Machine | 9 | 900 | / | 270 |
| Siege Engine | 10 | 1950 | / | 600 |
| Goblin Shredder | 3 | 1125 | / | 300 |
| Goblin Zeppelin | 2 | 480 | / | 120 |
| Goblin Sapper | 6 | 1290 | / | 600 |
| total: | 55 | 7620g | / | 1890w |
| Scout Tower | 15 | 450 | / | 300 |
| Arcane Tower | 1 | 70 | / | 50 |
| Guard Tower | 2 | 140 | / | 100 |
| Farm | 10 | 800 | / | 200 |
| Altar of Kings | 1 | 180 | / | 50 |
| Lumber Mill | 1 | 120 | / | 0 |
| Arcane Vault | 1 | 130 | / | 30 |
| Town Hall | 2 | 770 | / | 410 |
| Blacksmith | 1 | 140 | / | 60 |
| Cannon Tower | 13 | 1560 | / | 1300 |
| Workshop | 3 | 420 | / | 420 |
| Keep | 1 | 320 | / | 210 |
| Castle | 1 | 360 | / | 210 |
| total: | 34 | 3010g | / | 1470w |
| 0:02 | Peasant |
| 0:02 | Peasant |
| 0:02 | Peasant |
| 0:13 | Peasant |
| 0:14 | Peasant |
| 0:24 | Farm |
| 0:38 | Altar of Kings |
| 1:00 | Lumber Mill |
| 1:15 | Peasant |
| 1:19 | Farm |
| 1:36 | Farm |
| 1:38 | Peasant |
| 1:46 | Arcane Vault |
| 1:49 | Scout Tower |
| 2:03 | Peasant |
| 2:14 | Improved Masonry |
| 2:20 | Pocket Factory |
| 2:36 | Peasant |
| 2:36 | Peasant |
| 2:37 | Arcane Tower |
| 2:50 | Peasant |
| 2:50 | Peasant |
| 3:33 | Peasant |
| 3:33 | Peasant |
| 3:33 | Peasant |
| 3:33 | Peasant |
| 4:12 | Peasant |
| 4:16 | Lesser Clarity Potion |
| 4:17 | Lesser Clarity Potion |
| 4:17 | Scroll of Regeneration |
| 4:17 | Scroll of Regeneration |
| 5:21 | Moonstone |
| 5:22 | Dust of Appearance |
| 5:22 | Lesser Clarity Potion |
| 5:27 | Keep |
| 5:32 | Farm |
| 5:40 | Farm |
| 5:45 | Farm |
| 5:59 | Goblin Shredder |
| 6:13 | Engineering Upgrade |
| 6:29 | Town Hall |
| 6:34 | Scout Tower |
| 6:45 | Guard Tower |
| 6:49 | Blacksmith |
| 7:35 | Boots of Speed |
| 7:50 | Workshop |
| 7:51 | Workshop |
| 8:01 | Workshop |
| 8:03 | Improved Lumber Harvesting |
| 8:04 | Pocket Factory |
| 8:15 | Staff of Teleportation |
| 8:16 | Potion of Invisibility |
| 8:43 | Farm |
| 8:43 | Farm |
| 9:10 | Advanced Masonry |
| 9:12 | Castle |
| 9:32 | Scout Tower |
| 9:33 | Lesser Clarity Potion |
| 9:34 | Scroll of Regeneration |
| 9:45 | Potion of Invisibility |
| 10:01 | Scout Tower |
| 10:01 | Flying Machine |
| 10:06 | Scout Tower |
| 10:19 | Blizzard |
| 10:28 | Goblin Shredder |
| 10:35 | Cannon Tower |
| 10:36 | Scout Tower |
| 10:42 | Goblin Zeppelin |
| 11:13 | Guard Tower |
| 11:37 | Flying Machine Bombs |
| 11:49 | Goblin Sapper |
| 11:49 | Goblin Zeppelin |
| 11:58 | Goblin Sapper |
| 12:12 | Scout Tower |
| 12:13 | Scout Tower |
| 12:19 | Imbued Masonry |
| 12:55 | Flying Machine |
| 13:00 | Scout Tower |
| 13:01 | Advanced Lumber Harvesting |
| 13:10 | Flying Machine |
| 13:17 | Flying Machine |
| 13:32 | Holy Light |
| 13:41 | Lesser Clarity Potion |
| 13:41 | Scroll of Regeneration |
| 13:42 | Staff of Sanctuary |
| 13:42 | Ivory Tower |
| 13:42 | Ivory Tower |
| 14:11 | Flying Machine |
| 14:14 | Farm |
| 14:19 | Cannon Tower |
| 14:38 | Scroll of Town Portal |
| 14:38 | Staff of Teleportation |
| 15:01 | Flying Machine |
| 15:24 | Flying Machine |
| 15:24 | Flying Machine |
| 15:52 | Boots of Speed |
| 15:55 | Staff of Teleportation |
| 16:02 | Barrage |
| 16:10 | Goblin Sapper |
| 16:35 | Siege Engine |
| 17:04 | Periapt of Vitality |
| 17:05 | Boots of Speed |
| 17:32 | Goblin Sapper |
| 18:02 | Cannon Tower |
| 18:14 | Staff of Sanctuary |
| 18:15 | Scroll of Town Portal |
| 18:46 | Periapt of Vitality |
| 18:49 | Cannon Tower |
| 19:05 | Cannon Tower |
| 19:31 | Cannon Tower |
| 19:58 | Peasant |
| 19:58 | Peasant |
| 20:19 | Peasant |
| 20:19 | Peasant |
| 20:31 | Peasant |
| 20:49 | Lesser Clarity Potion |
| 21:05 | Peasant |
| 21:05 | Peasant |
| 21:20 | Goblin Shredder |
| 21:42 | Staff of Sanctuary |
| 21:45 | Brilliance Aura |
| 21:48 | Lesser Clarity Potion |
| 21:50 | Scroll of Town Portal |
| 21:51 | Scout Tower |
| 21:51 | Scout Tower |
| 21:56 | Ivory Tower |
| 21:56 | Ivory Tower |
| 22:05 | Cannon Tower |
| 22:18 | Goblin Sapper |
| 22:21 | Cannon Tower |
| 22:31 | Cannon Tower |
| 22:33 | Scout Tower |
| 22:46 | Siege Engine |
| 22:59 | Goblin Sapper |
| 23:16 | Cannon Tower |
| 23:28 | Siege Engine |
| 24:13 | Siege Engine |
| 24:39 | Siege Engine |
| 24:40 | Farm |
| 24:41 | Peasant |
| 25:04 | Iron Plating |
| 25:04 | Black Gunpowder |
| 25:31 | Cluster Rockets |
| 25:55 | Siege Engine |
| 25:56 | Siege Engine |
| 25:59 | Lesser Clarity Potion |
| 25:59 | Scroll of Regeneration |
| 26:42 | Siege Engine |
| 27:30 | Lesser Clarity Potion |
| 27:32 | Potion of Healing |
| 27:32 | Scroll of Town Portal |
| 28:18 | Siege Engine |
| 28:25 | Brilliance Aura |
| 28:40 | Flying Machine |
| 29:33 | Siege Engine |
| 29:41 | Scout Tower |
| 29:42 | Scout Tower |
| 30:13 | Cannon Tower |
| 30:14 | Cannon Tower |
| 30:19 | Scout Tower |
| 31:02 | Town Hall |
| 31:35 | Cannon Tower |
| Right click | 1172 |
| Select group | 1031 |
| Select | 801 |
| Build/train/purchase | 164 |
| Use ability | 110 |
| Misc. action | 74 |
| Assign group | 28 |
| Minimap ping | 8 |
| Item give/drop | 7 |
| Esc | 5 |


| Rod of Necromancy | 1 | 150 |
| Orb of Corruption | 2 | 750 |
| Potion of Healing | 1 | 150 |
| Dust of Appearance | 1 | 75 |
| Scroll of Healing | 4 | 1000 |
| Scroll of Town Portal | 7 | 2450 |
| Potion of Lesser Invulnerability | 1 | 150 |
| total: | 17 | 4725g |
| Acolyte | 9 | 675 | / | 0 |
| Ghoul | 2 | 240 | / | 0 |
| Crypt Fiend | 20 | 4300 | / | 800 |
| Obsidian Statue | 10 | 2000 | / | 350 |
| Banshee | 6 | 930 | / | 180 |
| total: | 47 | 8145g | / | 1330w |
| Nerubian Tower | 1 | 100 | / | 20 |
| Spirit Tower | 1 | 145 | / | 40 |
| Crypt | 1 | 200 | / | 50 |
| Ziggurat | 7 | 1050 | / | 350 |
| Altar of Darkness | 1 | 180 | / | 50 |
| Graveyard | 1 | 215 | / | 0 |
| Tomb of Relics | 1 | 130 | / | 30 |
| Necropolis | 2 | 450 | / | 0 |
| Slaughterhouse | 1 | 140 | / | 135 |
| Sacrificial Pit | 1 | 75 | / | 150 |
| Temple of the Damned | 1 | 155 | / | 140 |
| Halls of the Dead | 1 | 320 | / | 210 |
| Black Citadel | 1 | 325 | / | 230 |
| total: | 16 | 2595g | / | 905w |
| 0:04 | Acolyte |
| 0:04 | Acolyte |
| 0:14 | Crypt |
| 0:19 | Ziggurat |
| 0:35 | Altar of Darkness |
| 0:58 | Graveyard |
| 1:17 | Ghoul |
| 1:32 | Ziggurat |
| 1:39 | Ghoul |
| 1:54 | Tomb of Relics |
| 2:23 | Crypt Fiend |
| 2:40 | Death Coil |
| 2:57 | Crypt Fiend |
| 3:01 | Rod of Necromancy |
| 3:31 | Halls of the Dead |
| 4:08 | Creature Attack |
| 4:23 | Ziggurat |
| 4:29 | Unholy Aura |
| 4:37 | Crypt Fiend |
| 5:33 | Crypt Fiend |
| 5:44 | Creature Carapace |
| 6:04 | Slaughterhouse |
| 6:39 | Black Citadel |
| 7:09 | Nerubian Tower |
| 7:11 | Dust of Appearance |
| 7:32 | Obsidian Statue |
| 7:41 | Ziggurat |
| 8:12 | Frost Nova |
| 8:13 | Frost Armor |
| 8:26 | Improved Creature Attack |
| 8:32 | Death Coil |
| 9:05 | Spirit Tower |
| 9:08 | Orb of Corruption |
| 9:09 | Scroll of Healing |
| 9:36 | Scroll of Healing |
| 9:45 | Scroll of Town Portal |
| 9:50 | Destroyer Form |
| 10:10 | Improved Creature Carapace |
| 10:57 | Scroll of Town Portal |
| 11:17 | Obsidian Statue |
| 11:55 | Obsidian Statue |
| 12:17 | Crypt Fiend |
| 12:25 | Acolyte |
| 12:54 | Sacrificial Pit |
| 13:56 | Necropolis |
| 14:11 | Scroll of Healing |
| 14:34 | Web |
| 15:41 | Crypt Fiend |
| 15:47 | Obsidian Statue |
| 15:47 | Obsidian Statue |
| 15:50 | Acolyte |
| 15:54 | Acolyte |
| 15:54 | Acolyte |
| 15:54 | Acolyte |
| 15:54 | Acolyte |
| 16:15 | Scroll of Town Portal |
| 16:37 | Crypt Fiend |
| 17:06 | Ziggurat |
| 17:33 | Ziggurat |
| 18:21 | Scroll of Town Portal |
| 18:33 | Crypt Fiend |
| 18:36 | Obsidian Statue |
| 18:36 | Obsidian Statue |
| 18:36 | Obsidian Statue |
| 19:12 | Crypt Fiend |
| 19:19 | Temple of the Damned |
| 19:40 | Ziggurat |
| 20:57 | Frost Nova |
| 21:14 | Unholy Aura |
| 21:37 | Crypt Fiend |
| 21:46 | Acolyte |
| 21:49 | Banshee Adept Training |
| 22:44 | Scroll of Town Portal |
| 22:45 | Potion of Lesser Invulnerability |
| 22:53 | Obsidian Statue |
| 22:55 | Banshee Master Training |
| 22:55 | Banshee |
| 22:56 | Banshee |
| 24:06 | Crypt Fiend |
| 24:56 | Crypt Fiend |
| 24:58 | Crypt Fiend |
| 25:00 | Advanced Creature Attack |
| 25:18 | Crypt Fiend |
| 25:29 | Crypt Fiend |
| 26:10 | Necropolis |
| 26:15 | Crypt Fiend |
| 26:21 | Banshee |
| 26:22 | Banshee |
| 26:43 | Orb of Corruption |
| 26:43 | Scroll of Healing |
| 27:49 | Crypt Fiend |
| 28:35 | Potion of Healing |
| 28:38 | Scroll of Town Portal |
| 28:51 | Crypt Fiend |
| 28:52 | Banshee |
| 28:53 | Banshee |
| 29:33 | Obsidian Statue |
| 30:33 | Death Pact |
| 31:51 | Frost Armor |
| 32:07 | Crypt Fiend |
| 32:12 | Crypt Fiend |
| 32:15 | Scroll of Town Portal |
| Select group | 2174 |
| Right click | 1379 |
| Select | 390 |
| Build/train/purchase | 138 |
| Use ability | 86 |
| Misc. action | 45 |
| Assign group | 36 |
| Minimap ping | 33 |
| Item give/drop | 6 |

| Lesser Clarity Potion | 10 | 700 |
| Scroll of Regeneration | 4 | 400 |
| Scroll of Healing | 3 | 750 |
| Scroll of Town Portal | 1 | 350 |
| Boots of Speed | 1 | 250 |
| total: | 19 | 2450g |
| Peasant | 23 | 1725 | / | 0 |
| Footman | 5 | 675 | / | 0 |
| Dragonhawk Rider | 5 | 1000 | / | 150 |
| Gryphon Rider | 23 | 6440 | / | 1610 |
| total: | 56 | 9840g | / | 1760w |
| Scout Tower | 9 | 270 | / | 180 |
| Arcane Tower | 2 | 140 | / | 100 |
| Guard Tower | 3 | 210 | / | 150 |
| Farm | 11 | 880 | / | 220 |
| Altar of Kings | 1 | 180 | / | 50 |
| Barracks | 1 | 160 | / | 60 |
| Lumber Mill | 1 | 120 | / | 0 |
| Arcane Vault | 1 | 130 | / | 30 |
| Town Hall | 3 | 1155 | / | 615 |
| Blacksmith | 1 | 140 | / | 60 |
| Gryphon Aviary | 3 | 420 | / | 450 |
| Workshop | 1 | 140 | / | 140 |
| Keep | 2 | 640 | / | 420 |
| Castle | 1 | 360 | / | 210 |
| total: | 32 | 3595g | / | 1805w |
| 0:06 | Peasant |
| 0:07 | Peasant |
| 0:08 | Peasant |
| 0:23 | Farm |
| 0:26 | Altar of Kings |
| 0:38 | Barracks |
| 0:44 | Lumber Mill |
| 0:49 | Farm |
| 0:50 | Peasant |
| 0:50 | Peasant |
| 1:04 | Peasant |
| 1:04 | Peasant |
| 1:24 | Peasant |
| 1:24 | Peasant |
| 1:41 | Peasant |
| 1:47 | Peasant |
| 1:47 | Peasant |
| 1:52 | Peasant |
| 1:56 | Footman |
| 1:56 | Footman |
| 2:00 | Scout Tower |
| 2:13 | Footman |
| 2:22 | Peasant |
| 2:30 | Arcane Tower |
| 2:37 | Farm |
| 2:52 | Holy Light |
| 2:57 | Peasant |
| 3:00 | Peasant |
| 3:26 | Peasant |
| 3:26 | Peasant |
| 3:29 | Defend |
| 3:43 | Peasant |
| 3:43 | Peasant |
| 3:54 | Peasant |
| 4:12 | Arcane Vault |
| 4:13 | Town Hall |
| 4:16 | Scout Tower |
| 4:35 | Keep |
| 4:45 | Arcane Tower |
| 5:21 | Lesser Clarity Potion |
| 5:22 | Scroll of Regeneration |
| 5:25 | Divine Shield |
| 5:26 | Scroll of Regeneration |
| 5:27 | Lesser Clarity Potion |
| 5:32 | Blacksmith |
| 5:41 | Footman |
| 5:43 | Farm |
| 5:44 | Peasant |
| 5:58 | Peasant |
| 6:03 | Footman |
| 6:32 | Farm |
| 6:40 | Holy Light |
| 6:45 | Farm |
| 6:49 | Farm |
| 6:57 | Iron Plating |
| 6:59 | Iron Forged Swords |
| 7:04 | Lesser Clarity Potion |
| 7:04 | Lesser Clarity Potion |
| 7:04 | Lesser Clarity Potion |
| 7:14 | Improved Lumber Harvesting |
| 7:19 | Gryphon Aviary |
| 7:24 | Gryphon Aviary |
| 7:42 | Castle |
| 7:53 | Scout Tower |
| 7:54 | Scout Tower |
| 7:55 | Scout Tower |
| 8:05 | Boots of Speed |
| 8:09 | Scroll of Healing |
| 8:12 | Dragonhawk Rider |
| 8:34 | Studded Leather Armor |
| 9:05 | Dragonhawk Rider |
| 9:36 | Dragonhawk Rider |
| 9:37 | Reinforced Leather Armor |
| 9:46 | Guard Tower |
| 9:59 | Farm |
| 10:05 | Animal War Training |
| 10:07 | Advanced Lumber Harvesting |
| 10:13 | Farm |
| 10:14 | Farm |
| 10:30 | Cloud |
| 10:38 | Farm |
| 10:44 | Divine Shield |
| 11:05 | Dragonhawk Rider |
| 11:29 | Steel Forged Swords |
| 11:33 | Dragonhawk Rider |
| 12:08 | Storm Hammers |
| 12:08 | Gryphon Rider |
| 12:18 | Holy Light |
| 12:42 | Gryphon Rider |
| 13:07 | Dragonhide Armor |
| 13:30 | Gryphon Rider |
| 13:51 | Improved Masonry |
| 14:04 | Workshop |
| 14:06 | Scout Tower |
| 14:08 | Scout Tower |
| 14:08 | Scout Tower |
| 14:11 | Lesser Clarity Potion |
| 14:14 | Lesser Clarity Potion |
| 14:40 | Gryphon Aviary |
| 14:59 | Gryphon Rider |
| 15:17 | Gryphon Rider |
| 15:38 | Gryphon Rider |
| 16:04 | Gryphon Rider |
| 16:15 | Gryphon Rider |
| 16:56 | Gryphon Rider |
| 17:05 | Gryphon Rider |
| 17:36 | Gryphon Rider |
| 18:24 | Mithril Forged Swords |
| 18:44 | Gryphon Rider |
| 19:24 | Gryphon Rider |
| 19:26 | Guard Tower |
| 19:49 | Gryphon Rider |
| 19:49 | Gryphon Rider |
| 20:06 | Divine Shield |
| 20:33 | Gryphon Rider |
| 21:02 | Gryphon Rider |
| 21:04 | Advanced Masonry |
| 21:30 | Lesser Clarity Potion |
| 21:32 | Scroll of Regeneration |
| 21:58 | Devotion Aura |
| 22:15 | Gryphon Rider |
| 22:24 | Imbued Masonry |
| 22:37 | Gryphon Rider |
| 22:46 | Gryphon Rider |
| 23:00 | Lesser Clarity Potion |
| 23:02 | Scroll of Town Portal |
| 23:07 | Scout Tower |
| 23:30 | Gryphon Rider |
| 24:07 | Guard Tower |
| 24:24 | Gryphon Rider |
| 24:54 | Devotion Aura |
| 25:09 | Scroll of Regeneration |
| 25:11 | Lesser Clarity Potion |
| 25:43 | Gryphon Rider |
| 26:12 | Town Hall |
| 26:34 | Scroll of Healing |
| 26:38 | Scroll of Healing |
| 30:48 | Town Hall |
| 31:37 | Resurrection |
| Right click | 1325 |
| Select group | 1087 |
| Select | 448 |
| Chat | 246 |
| Build/train/purchase | 201 |
| Assign group | 175 |
| Misc. action | 106 |
| Use ability | 58 |
| Esc | 9 |
| Item give/drop | 6 |
| Minimap ping | 2 |


| Staff of Preservation | 1 | 150 |
| Orb of Venom | 1 | 325 |
| Scroll of Town Portal | 2 | 700 |
| total: | 4 | 1175g |
| Wisp | 20 | 1200 | / | 0 |
| Archer | 10 | 1300 | / | 100 |
| Hippogryph | 5 | 800 | / | 100 |
| Faerie Dragon | 16 | 2480 | / | 400 |
| Druid of the Talon | 7 | 1015 | / | 140 |
| Chimaera | 2 | 660 | / | 140 |
| Goblin Shredder | 1 | 375 | / | 100 |
| Goblin Sapper | 4 | 860 | / | 400 |
| Goblin Zeppelin | 1 | 240 | / | 60 |
| total: | 66 | 8930g | / | 1440w |
| Ancient Protector | 2 | 270 | / | 160 |
| Altar of Elders | 1 | 180 | / | 50 |
| Moon Well | 9 | 1620 | / | 360 |
| Ancient of Wonders | 1 | 90 | / | 30 |
| Ancient of War | 1 | 150 | / | 60 |
| Tree of Life | 2 | 680 | / | 370 |
| Hunter's Hall | 1 | 210 | / | 100 |
| Ancient of Wind | 2 | 300 | / | 280 |
| Chimaera Roost | 4 | 560 | / | 760 |
| Tree of Ages | 1 | 320 | / | 180 |
| Tree of Eternity | 1 | 330 | / | 200 |
| total: | 23 | 4060g | / | 2170w |
| 0:04 | Wisp |
| 0:05 | Wisp |
| 0:22 | Altar of Elders |
| 0:36 | Moon Well |
| 0:40 | Wisp |
| 0:40 | Wisp |
| 1:12 | Wisp |
| 1:39 | Moon Well |
| 1:43 | Ancient of Wonders |
| 1:45 | Wisp |
| 1:45 | Wisp |
| 2:19 | Ancient of War |
| 2:33 | Force of Nature |
| 3:12 | Tree of Ages |
| 3:23 | Archer |
| 3:23 | Archer |
| 3:37 | Archer |
| 3:38 | Archer |
| 4:22 | Archer |
| 4:23 | Archer |
| 5:56 | Wisp |
| 5:56 | Wisp |
| 5:56 | Wisp |
| 6:01 | Moon Well |
| 6:43 | Entangling Roots |
| 6:59 | Tree of Life |
| 7:29 | Ancient of Wind |
| 7:32 | Wisp |
| 7:32 | Wisp |
| 7:38 | Ancient of Wind |
| 7:45 | Archer |
| 7:45 | Archer |
| 8:03 | Force of Nature |
| 8:07 | Archer |
| 8:08 | Archer |
| 8:15 | Moon Well |
| 8:18 | Moon Well |
| 8:19 | Wisp |
| 8:19 | Wisp |
| 9:03 | Scroll of Town Portal |
| 9:06 | Staff of Preservation |
| 9:14 | Hippogryph |
| 9:14 | Hippogryph |
| 9:21 | Wisp |
| 9:21 | Wisp |
| 9:21 | Wisp |
| 9:21 | Wisp |
| 9:45 | Hunter's Hall |
| 10:09 | Wisp |
| 10:09 | Wisp |
| 10:16 | Immolation |
| 10:31 | Hippogryph |
| 10:33 | Hippogryph |
| 11:48 | Strength of the Moon |
| 11:49 | Moon Armor |
| 11:54 | Hippogryph |
| 11:58 | Moon Well |
| 12:01 | Moon Well |
| 15:48 | Ancient Protector |
| 15:52 | Ancient Protector |
| 16:00 | Evasion |
| 16:03 | Tree of Eternity |
| 16:28 | Faerie Dragon |
| 16:28 | Faerie Dragon |
| 16:28 | Faerie Dragon |
| 16:28 | Faerie Dragon |
| 16:28 | Faerie Dragon |
| 16:28 | Faerie Dragon |
| 16:29 | Faerie Dragon |
| 16:30 | Faerie Dragon |
| 16:31 | Faerie Dragon |
| 16:31 | Faerie Dragon |
| 16:31 | Faerie Dragon |
| 16:31 | Faerie Dragon |
| 16:31 | Faerie Dragon |
| 16:31 | Faerie Dragon |
| 16:32 | Faerie Dragon |
| 16:32 | Faerie Dragon |
| 17:17 | Druid of the Talon |
| 17:17 | Druid of the Talon |
| 17:17 | Druid of the Talon |
| 17:18 | Druid of the Talon Adept Training |
| 19:04 | Orb of Venom |
| 19:05 | Scroll of Town Portal |
| 19:09 | Druid of the Talon |
| 19:10 | Druid of the Talon |
| 19:12 | Druid of the Talon |
| 19:13 | Druid of the Talon |
| 20:40 | Entangling Roots |
| 21:12 | Druid of the Talon Master Training |
| 21:14 | Well Spring |
| 21:14 | Ultravision |
| 22:27 | Chimaera Roost |
| 22:28 | Chimaera Roost |
| 22:35 | Chimaera Roost |
| 22:38 | Chimaera Roost |
| 22:58 | Goblin Shredder |
| 23:08 | Goblin Sapper |
| 23:08 | Goblin Sapper |
| 23:08 | Goblin Sapper |
| 23:09 | Goblin Sapper |
| 23:10 | Goblin Zeppelin |
| 24:03 | Chimaera |
| 24:04 | Chimaera |
| 24:10 | Moon Well |
| 25:43 | Entangling Roots |
| 26:07 | Moon Well |
| 27:41 | Tree of Life |
| 28:28 | Immolation |
| 28:29 | Evasion |
| Right click | 937 |
| Select | 349 |
| Build/train/purchase | 100 |
| Use ability | 27 |
| Resource trade | 16 |
| Remove unit | 7 |
| Item give/drop | 5 |
| Minimap ping | 1 |
⇛